 Dungeon Crawl Stone Soup version 0.29.1-2-gbd0b4ee654 (webtiles) character file.

Game seed: 1057565802991974666

41 VictoriousLee the Digger (level 3, 0/19 HPs)
             Began as a Gargoyle Earth Elementalist on Nov 25, 2022.
             Slain by a bat (1 damage)
             ... on level 2 of the Dungeon.
             The game lasted 00:06:32 (1541 turns).

VictoriousLee the Digger (GrEE)                     Turns: 1541, Time: 00:06:33

Health: 0/19       AC:  5    Str: 11    XL:     3   Next: 52%
Magic:  4/7        EV: 12    Int: 17    God:
Gold:   138        SH:  0    Dex: 10    Spells: 2/8 levels left

rFire   . . .      SeeInvis .   k - +1 dagger (venom)
rCold   . . .      Faith    .   (no shield)
rNeg    + . .      Spirit   .   a - +0 robe
rPois   ∞          Reflect  .   (no helmet)
rElec   +          Harm     .   (no cloak)
rCorr   +          Rampage  .   (no gloves)
Will    .....                   (no boots)
Stlth   ++........              (no amulet)
HPRegen 0.06/turn               o - ring of resist corrosion
MPRegen 0.10/turn               (no ring)

@: slowed, very slow
A: sickness immunity, AC +3, negative energy resistance 1, electricity
resistance, torment resistance 1, petrification resistance
a: no special abilities


You were on level 2 of the Dungeon.
You visited 1 branch of the dungeon, and saw 2 of its levels.

You collected 138 gold pieces.

Inventory:

Hand Weapons
 g - a +0 dagger
 k - a +1 dagger of venom (weapon)
 n - a +0 mace
 p - a +0 sling
Missiles
 d - a throwing net
Armour
 a - a +0 robe (worn)
Jewellery
 i - a ring of flight
 o - a ring of resist corrosion (left hand)
Scrolls
 c - 2 scrolls of teleportation {unknown}
 f - a scroll of torment {unknown}
 m - a scroll of fog {unknown}
 q - a scroll of enchant armour {unknown}
Potions
 b - a potion of magic
 e - 2 potions of degeneration {unknown}
 h - a potion of flight {unknown}
 j - a potion of might {unknown}
 l - a potion of curing {unknown}


   Skills:
 - Level 1.6 Dodging
 - Level 2.3 Stealth
 - Level 3.0 Spellcasting
 - Level 0.9 Transmutations
 + Level 4.1 Earth Magic


You had 2 spell levels left.
You knew the following spells:

 Your Spells              Type           Power      Damage    Failure   Level
a - Sandblast             Erth           32%        2d9       3%          1
b - Stone Arrow           Conj/Erth      18%        3d8       22%         3
c - Passwall              Tmut/Erth      9%         N/A       9%          2

Your spell library contained the following spells:

 Spells                   Type           Power      Damage    Failure   Level
 Petrify                  Tmut/Erth      11%        N/A       52%         4


Dungeon Overview and Level Annotations

Branches:
Dungeon (2/15)

Altars:

Annotations:
D:2 Jessica


Innate Abilities, Weirdness & Mutations

You are immune to sickness and miasma.
Your stone body is resilient. (AC +3)
You are immune to poison.
You resist negative energy. (rN+)
You are resistant to electric shocks. (rElec)
You are resistant to unholy torment.
You are immune to petrification.


Message History

The hobgoblin shouts!
You hear a shout! x2
There is a stone staircase leading up here.
Casting: Sandblast (safe; 3% risk of failure)
Confirm with . or Enter, or press ? or * to list all spells.
Okay, then.
Jessica points at you and mumbles some strange words.
Pain shoots through your body!
A bat comes into view.
Jessica casts a spell at you. You resist with some effort.
Aiming: Sandblast (safe; 3% risk of failure)
Press: ? - help, Q - select action, (/) - cycle Shift-Dir - straight line, f - hobgoblin
Aim: a hobgoblin (82% to hit)
The blast of sand hits the hobgoblin!
You kill the hobgoblin!
Jessica shouts, "You're disturbing me!
I'll have to kill you!"
Training target 3.0 for Spellcasting reached!
Your Spellcasting skill increases to level 3!
Aiming: Sandblast (safe; 3% risk of failure)
Press: ? - help, Q - select action, (/) - cycle Shift-Dir - straight line, f - Jessica
Aim: Jessica, wielding a +0 club and wearing a +0 robe (82% to hit)
The blast of sand hits Jessica.
Jessica is heavily wounded.
The bat closely misses you. The bat barely misses you.
Jessica closely misses you.
The kobold hits you with a +1 dagger of protection.
Aiming: Sandblast (safe; 3% risk of failure)
Press: ? - help, Q - select action, (/) - cycle Shift-Dir - straight line, f/p - Jessica
Aim: Jessica, wielding a +0 club and wearing a +0 robe (heavily wounded, 82% to hit)
The blast of sand misses Jessica.
The bat barely misses you. x2; Jessica hits you with a +0 club.
The kobold hits you with a +1 dagger of protection.
Jessica hits you with a +0 club.
* * * LOW HITPOINT WARNING * * *
The kobold hits you with a +1 dagger of protection.
* * * LOW HITPOINT WARNING * * *
Okay, then.
The bat closely misses you. The bat misses you. Jessica closely misses you.
The kobold barely misses you. The bat hits you.
You die...

.. #..# #.... #
#... ....# #####
#...# ....
....#..# ...)#
... ...)..# #
...) ..# ......#
.. ##..#..###.#
....#?.#
#.#.#...........
....# .
.......#@..#...
########
#....@b..?..?>
..#.....
#.#...K...#...
..$.....
#....####.....
.[...... ##.#.
###.# ........
#.#) # ........
. .. ........ .
.. ........ ..
... ........


You could see Jessica, a bat and a kobold.

Vanquished Creatures
  3 ball pythons (D:1)
  4 endoplasms (D:1)
  2 giant cockroaches (D:1)
  7 goblins
  4 hobgoblins
  7 kobolds
  A quokka (D:1)
  2 bats (D:1)
  2 frilled lizards (D:1)
  7 rats (D:1)
39 creatures vanquished.

Notes
Turn   | Place    | Note
-------+----------+-------------------------------------------
     0 | D:1      | VictoriousLee the Gargoyle Earth Elementalist began the
                  | quest for the Orb.
     0 | D:1      | Reached XP level 1. HP: 10/10 MP: 3/3
   270 | D:1      | Reached XP level 2. HP: 15/15 MP: 3/5
   443 | D:1      | You fall into a shaft and drop 1 floor!
   600 | D:1      | Reached skill level 4 in Earth Magic
   738 | D:1      | Reached XP level 3. HP: 19/19 MP: 3/6
   978 | D:1      | Learned a level 3 spell: Stone Arrow
   981 | D:1      | Learned a level 2 spell: Passwall
  1532 | D:2      | Noticed Jessica
  1541 | D:2      | Slain by a bat

Illustrated notes

Levels and vault maps discovered:
D:1:      onia_arrival_handbag, layout_loops_corners
D:2:      layout_rooms, uniq_jessica

Skill      XL: |  1  2  3 |
---------------+----------+-----
Earth Magic    | 4 |  4.1
Spellcasting   | 3 |  3.0
Dodging        | |  1.6
Stealth        | |  2.3
Transmutations | |  0.9

Action                   || total
-------------------------++-------
Melee: Unarmed           ||     1
 Cast: Sandblast         ||    51
Armor: Robe              ||     2
Dodge: Dodged            ||    12
